 Dungeon Crawl Stone Soup version 0.21-a0-529-g8c7b3f5 (webtiles) character file.

225 Gerstahl the Skirmisher (level 6, -3/49 HPs)
             Began as a Human Monk on Dec 10, 2017.
             Slain by a gnoll
             ... wielding a +0 whip
              (11 damage)
             ... on level 1 of the Dungeon.
             The game lasted 00:03:35 (2169 turns).

Gerstahl the Skirmisher (Human Monk)                Turns: 2169, Time: 00:03:36

Health: -3/49      AC:  3    Str: 11    XL:     6   Next: 21%
Magic:  6/6        EV: 14    Int: 11    God:
Gold:   92         SH:  0    Dex: 17    Spells: 5/5 levels left

rFire    . . .     SeeInvis .   a - +0 falchion
rCold    . . .     Gourm    .   (no shield)
rNeg     . . .     Faith    .   l - +0 leather armour
rPois    .         Spirit   .   (no helmet)
rElec    .         Reflect  .   (no cloak)
rCorr    .         Harm     .   (no gloves)
MR       .....                  (no boots)
Stlth    ++........             (no amulet)
HPRegen  0.16/turn              (no ring)
MPRegen  0.10/turn              (no ring)

@: flying
A: no striking features
a: no special abilities


You were on level 1 of the Dungeon.
You were not hungry.

You visited 1 branch of the dungeon, and saw 3 of its levels.

You collected 92 gold pieces.

Inventory:

Hand Weapons
 a - a +0 falchion (weapon)
Armour
 b - a +0 robe
 l - a +0 leather armour (worn)
Scrolls
 e - 4 scrolls of identify {unknown}
 h - a scroll of teleportation {unknown}
 k - a scroll of immolation {unknown}
Potions
 j - 3 potions of curing {unknown}
Books
 i - a book of Maledictions

   Spells                             Type                      Level
   a - Corona                         Hexes                        1
   b - Ensorcelled Hibernation        Hexes/Ice                    2
   c - Confuse                        Hexes                        3
   d - Tukima's Dance                 Hexes                        3
   e - Dazzling Spray                 Conjuration/Hexes            3
Comestibles
 c - 3 bread rations
 d - a meat ration
 f - 2 fruits
 g - a royal jelly


   Skills:
 + Level 4.4 Fighting
 + Level 4.4 Long Blades
 + Level 0.1 Armour
 + Level 4.3 Dodging
 - Level 2.0 Stealth


You had 5 spell levels left.
You didn't know any spells.

Dungeon Overview and Level Annotations

Branches:
Dungeon (3/15)

Altars:
Gozag


Message History

The gnoll barely misses you.
You hit the gnoll.
The gnoll is moderately wounded.
The gnoll hits you with a whip.
* * * LOW HITPOINT WARNING * * *
It was a potion of flight.
You feel very buoyant.
You fly up into the air.
The gnoll barely misses you.
You riposte.
You hit the gnoll but do no damage.
The gnoll is moderately wounded.
The gnoll barely misses you.
The leopard gecko hisses menacingly.
There is a stone staircase leading up here.
The gnoll barely misses you.
You fly upwards.
There is a stone staircase leading down here.
You slash the gnoll!
The gnoll is almost dead.
The gnoll hits you with a whip!
You die...

###.#.#######.##.#
#...##......##.#
################.#
.................#
###############..#
########## #..#
#........# #..#
#..).#.#.##
##.####(........#
#@g.(.....#.#..#
######.##......#
#.####.##.# #.#
##....#
#.###..######
#............
#############
#.........
####.#####.#.


You could see a gnoll.

Vanquished Creatures
  Sigmund (D:2)
  An adder (D:2)
  A gnoll (D:3)
  A dart slug (D:1)
  2 leopard geckos (D:2)
  2 orcs (D:3)
  4 giant cockroaches
  6 hobgoblins
  10 kobolds
  A bat (D:1)
  3 frilled lizards
  4 goblins
  7 rats
43 creatures vanquished.

Notes
Turn   | Place    | Note
-------+----------+-------------------------------------------
     0 | D:1      | Gerstahl the Human Monk began the quest for the Orb.
     0 | D:1      | Reached XP level 1. HP: 18/18 MP: 1/1
    35 | D:1      | Reached XP level 2. HP: 10/24 MP: 2/2
   753 | D:1      | Reached XP level 3. HP: 28/29 MP: 3/3
  1247 | D:2      | Found an opulent altar of Gozag.
  1373 | D:2      | Noticed Sigmund
  1395 | D:2      | Killed Sigmund
  1395 | D:2      | Reached XP level 4. HP: 7/38 MP: 4/4
  1395 | D:2      | Reached XP level 5. HP: 8/43 MP: 5/5
  1395 | D:2      | Reached XP level 6. HP: 10/49 MP: 6/6
  2169 | D:1      | Slain by a gnoll

Vault maps used:
D:1:      elethiomel_arrival_maze, serial_glass, glass_columns_a,
          glass_columns_a, glass_columns_a, glass_columns_b, glass_columns_c,
          glass_columns_c
D:2:      first_bread, nicolae_gozag_seed_capital, uniq_sigmund
D:3:      cheibrodos_helix_gallery, nicolae_overflow_crystal_walls,
          minmay_crystal_room, tso_metal_star

Skill      XL: |  1  2  3 |
---------------+----------+-----
Fighting       | 4 |  4.4
Long Blades    | 4 |  4.4
Dodging        | 4 |  4.3
Armour         | |  0.1
Stealth        | |  2.0

Action                   |  1- 3 |  4- 6 || total
-------------------------+-------+-------++-------
Melee: Falchion          |    88 |    34 ||   122
  Use: Potion            |     1 |     1 ||     2
 Stab: Sleeping          |     3 |     3 ||     6
  Eat: Chunk             |     1 |     3 ||     4
Armor: Robe              |     9 |     1 ||    10
       Leather armour    |       |     6 ||     6
Dodge: Dodged            |    60 |    36 ||    96
       Rpst.: Falchion   |    19 |    10 ||    29

Table legend:
 A = Spawn XP
 B = Non-spawn XP
 C = Spawn XP percentage of total XP
 D = Spawn monster count
 E = Non-spawn monster count
 F = Spawn count percentage of total count
 G = Total turns spent on level
                    A         B        C        D         E        F      G
               +---------+---------+-------+---------+---------+-------+---------
         Total |       0 |     322 |   0.0 |       0 |      43 |   0.0 |  2169
               +---------+---------+-------+---------+---------+-------+---------
           D:1 |       0 |      31 |   0.0 |       0 |      20 |   0.0 |   964
           D:2 |       0 |     272 |   0.0 |       0 |      20 |   0.0 |  1181
           D:3 |       0 |      19 |   0.0 |       0 |       3 |   0.0 |    24
               +---------+---------+-------+---------+---------+-------+---------
